SAA
NORTHVILLE ECLIPSE @ IRVING BLUE SOX
07/26/2038
 
TOP OF THE 1ST
Northville Eclipse batting - Pitching for Irving Blue Sox : RHP Ramón Flores
Pitching: RHP Ramón Flores
Batting: RHB Daniel Divina 0-0: Ball
1-0: Ball
2-0: Called Strike
2-1: Ball
3-1: Ground out U3 (Groundball, 34S, EV 65.6 MPH)
Batting: RHB Curt Taylor 0-0: Called Strike
0-1: Called Strike
0-2: Ball
1-2: Foul Ball, location: 2F
1-2: Fly out, F8 (Flyball, 89D, EV 83.8 MPH)
Batting: LHB Harry Cornelis 0-0: Foul Ball, location: 2F
0-1: Ball
1-1: DOUBLE (Line Drive, 9LM, EV 107.5 MPH)
Batting: RHB Ik-jun Cho 0-0: Called Strike
0-1: Foul Ball, location: 2F
0-2: Ball
1-2: Foul Ball, location: 2F
1-2: Ball
2-2: Ball
3-2: Base on Balls
Batting: RHB Daron Mack 0-0: Ball
1-0: Ball
2-0: Foul Ball, location: 2F
2-1: Ball
3-1: Base on Balls
Harry Cornelis to third
Ik-jun Cho to second
Batting: RHB Josip Primorac 0-0: Fly out, F4 (Popup, 4, EV 75.0 MPH)
Top of the 1st over - 0 runs, 1 hit, 0 errors, 3 left on base; Northville 0 - Irving 0
BOTTOM OF THE 1ST
Irving Blue Sox batting - Pitching for Northville Eclipse : RHP Víctor Deleón
Pitching: RHP Víctor Deleón
Batting: LHB Mitchell Pate 0-0: Called Strike
0-1: Foul Ball, location: 2F
0-2: Foul Ball, location: 2F
0-2: Ball
1-2: Ball
2-2: Fly out, F4 (Popup, 34D, EV 45.6 MPH)
Batting: LHB Phil Beck 0-0: Called Strike
0-1: Ball
1-1: Ball
2-1: Swinging Strike
2-2: Strikes out swinging
Batting: LHB Nikolai Volkoff 0-0: Ball
1-0: Foul Ball, location: 2F
1-1: Ball
2-1: Fly out, F9 (Flyball, 9, EV 89.4 MPH)
Bottom of the 1st over - 0 runs, 0 hits, 0 errors, 0 left on base; Northville 0 - Irving 0
TOP OF THE 2ND
Northville Eclipse batting - Pitching for Irving Blue Sox : RHP Ramón Flores
Batting: RHB Chris McBride 0-0: Ball
1-0: Foul Ball, location: 2F
1-1: DOUBLE (Line Drive, 78D, EV 106.2 MPH)
Batting: RHB Wade Tazewell 0-0: Called Strike
0-1: Ball
1-1: Foul Ball, location: 2F
1-2: Reached on error, E4 (Groundball, 4, EV 80.0 MPH)
Chris McBride to third
Batting: LHB Mihai Dumitru 0-0: DOUBLE (Line Drive, 78XD, EV 105.0 MPH)
Chris McBride scores
Wade Tazewell to third
Batting: RHB Daniel Divina 0-0: Ball
1-0: Ground out 1-3 (Groundball, 34S, EV 68.1 MPH)
Batting: RHB Curt Taylor 0-0: Called Strike
0-1: Ball
1-1: Ground out 1-3 (Groundball, 13, EV 71.2 MPH)
Batting: LHB Harry Cornelis 0-0: Ball
1-0: Foul Ball, location: 2F
1-1: Ground out 5-3 (Groundball, 5, EV 103.1 MPH)
Top of the 2nd over - 1 run, 2 hits, 1 error, 2 left on base; Northville 1 - Irving 0
BOTTOM OF THE 2ND
Irving Blue Sox batting - Pitching for Northville Eclipse : RHP Víctor Deleón
Batting: LHB Brenton Winston 0-0: Ball
1-0: Ball
2-0: Called Strike
2-1: Ball
3-1: Base on Balls
Batting: RHB Juan Perales 0-0: Ball
1-0: Foul Ball, location: 2F
1-1: Ball
Wild Pitch!
Brenton Winston to second
2-1: Foul Ball, location: 2F
2-2: Foul Ball, location: 2F
2-2: Ground out 5-3 (Groundball, 56, EV 86.9 MPH)
Batting: LHB António Escobeda 0-0: Ball
1-0: Called Strike
1-1: 2-RUN HOME RUN (Flyball, 9LD, EV 111.9 MPH), Distance : 349 ft
Batting: SHB Franck Kooijmans 0-0: Ball
1-0: Called Strike
1-1: Called Strike
1-2: Foul Ball, location: 2F
1-2: Ball
2-2: Strikes out looking
Batting: RHB Richard Theunen 0-0: Called Strike
0-1: Foul Ball, location: 2F
0-2: Ground out 6-3 (Groundball, 6, EV 104.4 MPH)
Bottom of the 2nd over - 2 runs, 1 hit, 0 errors, 0 left on base; Northville 1 - Irving 2
TOP OF THE 3RD
Northville Eclipse batting - Pitching for Irving Blue Sox : RHP Ramón Flores
Batting: RHB Ik-jun Cho 0-0: Ball
1-0: Fly out, F8 (Flyball, 89XD, EV 87.5 MPH)
Batting: RHB Daron Mack 0-0: Foul Ball, location: 2F
0-1: Ball
1-1: Foul Ball, location: 2F
1-2: Ball
2-2: Foul Ball, location: 2F
2-2: Ground out 5-3 (Groundball, 56, EV 85.0 MPH)
Batting: RHB Josip Primorac 0-0: Ball
1-0: Ball
2-0: Called Strike
2-1: Fly out, F7 (Flyball, 78M, EV 76.2 MPH)
Top of the 3rd over - 0 runs, 0 hits, 0 errors, 0 left on base; Northville 1 - Irving 2
BOTTOM OF THE 3RD
Irving Blue Sox batting - Pitching for Northville Eclipse : RHP Víctor Deleón
Batting: RHB Nelson Morán 0-0: Ground out 6-3 (Groundball, 6, EV 100.6 MPH)
Batting: LHB Mitchell Pate 0-0: Ball
1-0: Fly out, F8 (Flyball, 89M, EV 85.6 MPH)
Batting: LHB Phil Beck 0-0: Called Strike
0-1: SINGLE (Groundball, 4MD, EV 96.9 MPH)
Batting: LHB Nikolai Volkoff 0-0: Called Strike
0-1: Foul Ball, location: 2F
0-2: Ball
Phil Beck steals 2nd base
1-2: Ball
2-2: Ball
3-2: Fly out, F7 (Flyball, 7S, EV 83.1 MPH)
Bottom of the 3rd over - 0 runs, 1 hit, 0 errors, 1 left on base; Northville 1 - Irving 2
TOP OF THE 4TH
Northville Eclipse batting - Pitching for Irving Blue Sox : RHP Ramón Flores
Batting: RHB Chris McBride 0-0: Ball
1-0: Called Strike
1-1: Ball
2-1: Ball
3-1: Foul Ball, location: 2F
3-2: Foul Ball, location: 2F
3-2: Foul Ball, location: 2F
3-2: SINGLE (Line Drive, 78S, EV 87.5 MPH)
Batting: RHB Wade Tazewell 0-0: Grounds into double play, 4-6-3 (Groundball, 4, EV 84.4 MPH)
Batting: LHB Mihai Dumitru 0-0: Ball
1-0: Fly out, F8 (Flyball, 8LM, EV 87.5 MPH)
Top of the 4th over - 0 runs, 1 hit, 0 errors, 0 left on base; Northville 1 - Irving 2
BOTTOM OF THE 4TH
Irving Blue Sox batting - Pitching for Northville Eclipse : RHP Víctor Deleón
Batting: LHB Brenton Winston 0-0: Called Strike
0-1: Called Strike
0-2: Ball
1-2: Ball
2-2: Ball
3-2: Foul Ball, location: 2F
3-2: DOUBLE (Flyball, 7LM, EV 97.5 MPH)
Batting: RHB Juan Perales 0-0: Swinging Strike
0-1: Ball
1-1: Foul Ball, location: 2F
1-2: Foul Ball, location: 2F
1-2: Ball
2-2: Foul Ball, location: 2F
2-2: Foul Ball, location: 2F
2-2: Ball
3-2: Base on Balls
Batting: LHB António Escobeda 0-0: Foul Ball, location: 2F
0-1: Fly out, F9 (Flyball, 9, EV 90.6 MPH)
Batting: SHB Franck Kooijmans 0-0: Foul Ball, location: 2F
0-1: Foul Ball, location: 2F
0-2: Ball
1-2: Foul Ball, location: 2F
1-2: Ball
2-2: Foul Ball, location: 2F
2-2: Foul Ball, location: 2F
2-2: Fly out, F5 (Popup, 6S, EV 83.8 MPH)
Batting: RHB Richard Theunen 0-0: Ball
1-0: Foul Ball, location: 2F
1-1: Called Strike
1-2: Foul Ball, location: 2F
1-2: Ball
2-2: Ball
3-2: Strikes out swinging
Bottom of the 4th over - 0 runs, 1 hit, 0 errors, 2 left on base; Northville 1 - Irving 2
TOP OF THE 5TH
Northville Eclipse batting - Pitching for Irving Blue Sox : RHP Ramón Flores
Batting: RHB Daniel Divina 0-0: Foul Ball, location: 2F
0-1: DOUBLE (Flyball, 89XD, EV 99.4 MPH)
Batting: RHB Curt Taylor 0-0: Ball
1-0: Ball
2-0: Ball
3-0: Foul Ball, location: 2F
3-1: Base on Balls
Batting: LHB Harry Cornelis 0-0: Ball
1-0: Swinging Strike
1-1: Foul Ball, location: 2F
1-2: Ball
2-2: Ball
3-2: DOUBLE (Line Drive, 7LM, EV 113.1 MPH)
Daniel Divina scores
Curt Taylor to third
Runner from 3rd tries for Home, throw by LF and OUT! 7-6-2
Harry Cornelis to third
Batting: RHB Ik-jun Cho 0-0: Ball
1-0: Ball
2-0: 2-RUN HOME RUN (Flyball, 78XD, EV 94.4 MPH), Distance : 446 ft
Batting: RHB Daron Mack 0-0: Called Strike
0-1: Called Strike
0-2: Ball
1-2: Strikes out swinging
Batting: RHB Josip Primorac 0-0: Ball
1-0: Ball
2-0: SINGLE (Groundball, 6MD, EV 94.4 MPH)
Batting: RHB Chris McBride 0-0: Called Strike
0-1: Ball
1-1: Swinging Strike
1-2: SINGLE (Line Drive, 6D, EV 102.5 MPH)
Josip Primorac to second
Batting: RHB Wade Tazewell 0-0: Called Strike
0-1: Swinging Strike
0-2: Ball
1-2: Strikes out swinging
Top of the 5th over - 3 runs, 5 hits, 0 errors, 2 left on base; Northville 4 - Irving 2
BOTTOM OF THE 5TH
Irving Blue Sox batting - Pitching for Northville Eclipse : RHP Víctor Deleón
Batting: RHB Nelson Morán 0-0: Ball
1-0: Ball
2-0: Foul Ball, location: 2F
2-1: Ground out U3 (Groundball, 34, EV 81.2 MPH)
Batting: LHB Mitchell Pate 0-0: Ball
1-0: Foul Ball, location: 2F
1-1: Ball
2-1: Called Strike
2-2: Foul Ball, location: 2F
2-2: Foul Ball, location: 2F
2-2: Foul Ball, location: 2F
2-2: Ball
3-2: SOLO HOME RUN (Flyball, 89XD, EV 111.2 MPH), Distance : 430 ft
Batting: LHB Phil Beck 0-0: Swinging Strike
0-1: Ball
1-1: Ball
2-1: Foul Ball, location: 2F
2-2: Ball
3-2: Strikes out looking
Batting: LHB Nikolai Volkoff 0-0: Called Strike
0-1: DOUBLE (Line Drive, 78M, EV 91.2 MPH)
Batting: LHB Brenton Winston 0-0: Foul Ball, location: 2F
0-1: Ball
1-1: Foul Ball, location: 2F
1-2: Ball
2-2: Foul Ball, location: 2F
2-2: Foul Ball, location: 2F
2-2: Ball
3-2: SINGLE (Line Drive, 9S, EV 98.1 MPH)
Nikolai Volkoff to third
Nikolai Volkoff scores
Batting: RHB Juan Perales 0-0: Ball
Brenton Winston steals 2nd base (no throw)
1-0: Called Strike
1-1: Ball
2-1: Foul Ball, location: 2F
2-2: Ground out 6-3 (Groundball, 6, EV 83.1 MPH)
Bottom of the 5th over - 2 runs, 3 hits, 0 errors, 1 left on base; Northville 4 - Irving 4
TOP OF THE 6TH
Northville Eclipse batting - Pitching for Irving Blue Sox : RHP Ramón Flores
Batting: LHB Mihai Dumitru 0-0: Called Strike
0-1: Ball
1-1: Ball
2-1: Ball
3-1: Ground out 1-3 (Groundball, 34S, EV 90.6 MPH)
Batting: RHB Daniel Divina 0-0: Fly out, F8 (Line Drive, 8LM, EV 85.6 MPH)
Batting: RHB Curt Taylor 0-0: Called Strike
0-1: DOUBLE (Line Drive, 7LM, EV 98.1 MPH)
Batting: LHB Harry Cornelis 0-0: Ground out 6-3 (Groundball, 6, EV 83.1 MPH)
Top of the 6th over - 0 runs, 1 hit, 0 errors, 1 left on base; Northville 4 - Irving 4
BOTTOM OF THE 6TH
Irving Blue Sox batting - Pitching for Northville Eclipse : RHP Víctor Deleón
Pitching: LHP Lawrence Swift
Batting: LHB António Escobeda 0-0: Called Strike
0-1: Ball
1-1: Ball
2-1: Ball
3-1: Base on Balls
Batting: SHB Franck Kooijmans 0-0: Ball
1-0: Foul Ball, location: 2F
1-1: Ball
2-1: Foul Ball, location: 2F
2-2: Foul Ball, location: 2F
2-2: Ball
3-2: Ground out 6-3 (Groundball, 56, EV 109.4 MPH)
António Escobeda to second
Batting: RHB Richard Theunen 0-0: Reached on error, E1 (Groundball, 13, EV 90.6 MPH)
António Escobeda to third
Batting: RHB Nelson Morán 0-0: Ball
1-0: Ground out 5-3 (Groundball, 56S, EV 65.0 MPH)
Richard Theunen to second
Batting: LHB Mitchell Pate 0-0: Ball
1-0: Fly out, F5 (Popup, 5SF, EV 85.6 MPH)
Bottom of the 6th over - 0 runs, 0 hits, 1 error, 2 left on base; Northville 4 - Irving 4
TOP OF THE 7TH
Northville Eclipse batting - Pitching for Irving Blue Sox : RHP Ramón Flores
Batting: RHB Ik-jun Cho 0-0: Swinging Strike
0-1: Ball
1-1: Foul Ball, location: 2F
1-2: Ball
2-2: Fly out, F4 (Popup, 4D, EV 44.4 MPH)
Batting: RHB Daron Mack 0-0: Called Strike
0-1: Fly out, F9 (Flyball, 89M, EV 90.0 MPH)
Batting: RHB Josip Primorac 0-0: Ball
1-0: Ball
2-0: Foul Ball, location: 2F
2-1: Swinging Strike
2-2: Ball
3-2: Foul Ball, location: 2F
3-2: Ground out 6-3 (Groundball, 6M, EV 83.1 MPH)
Top of the 7th over - 0 runs, 0 hits, 0 errors, 0 left on base; Northville 4 - Irving 4
BOTTOM OF THE 7TH
Irving Blue Sox batting - Pitching for Northville Eclipse : LHP Lawrence Swift
Batting: LHB Phil Beck 0-0: Ball
1-0: Ground out 6-3 (Groundball, 56, EV 105.6 MPH)
Batting: LHB Nikolai Volkoff 0-0: Ball
1-0: Ball
2-0: Ball
3-0: Called Strike
3-1: DOUBLE (Line Drive, 78D, EV 111.9 MPH)
Batting: LHB Brenton Winston 0-0: Ball
1-0: SINGLE (Groundball, 6MD, EV 99.4 MPH)
Nikolai Volkoff to third
Batting: RHB Juan Perales 0-0: Called Strike
0-1: Called Strike
0-2: Ball
1-2: Ball
2-2: Foul Ball, location: 2F
2-2: Ball
3-2: Base on Balls
Brenton Winston to second
Batting: LHB António Escobeda 0-0: Swinging Strike
0-1: Foul Ball, location: 2F
0-2: Strikes out looking
Batting: SHB Franck Kooijmans 0-0: Called Strike
0-1: Ball
1-1: TRIPLE (Line Drive, 89XD, EV 105.6 MPH)
Nikolai Volkoff scores
Brenton Winston scores
Juan Perales scores
Pitching: RHP Maxx Bleecher
Batting: RHB Richard Theunen 0-0: Ball
1-0: Foul Ball, location: 2F
1-1: Ball
2-1: Ball
3-1: Ground out 4-3 (Groundball, 4D, EV 87.5 MPH)
Bottom of the 7th over - 3 runs, 3 hits, 0 errors, 1 left on base; Northville 4 - Irving 7
TOP OF THE 8TH
Northville Eclipse batting - Pitching for Irving Blue Sox : RHP Ramón Flores
Pitching: RHP José Colón
Batting: RHB Chris McBride 0-0: Ball
1-0: Foul Ball, location: 2F
1-1: SINGLE (Line Drive, 7S, EV 91.9 MPH)
Batting: RHB Wade Tazewell 0-0: Ball
1-0: Foul Ball, location: 2F
1-1: Ball
2-1: Foul Ball, location: 2F
2-2: SINGLE (Groundball, 34D, EV 105.0 MPH)
Chris McBride to second
Runner from 2nd tries for 3rd, SAFE, throw by RF made to third
Batting: LHB Mihai Dumitru 0-0: Called Strike
0-1: Ball
1-1: Ball
2-1: Foul Ball, location: 2F
2-2: Foul Ball, location: 2F
2-2: Foul Ball, location: 2F
2-2: Foul Ball, location: 2F
2-2: Ball
3-2: Fly out, F8 (Flyball, 8RXD, EV 86.9 MPH)
Runner from 3rd tags up, SCORES, no throw by CF
Batting: RHB Daniel Divina 0-0: Called Strike
0-1: Ball
1-1: Ball
2-1: Foul Ball, location: 2F
2-2: SINGLE (Groundball, 34, EV 76.9 MPH) (infield hit)
Wade Tazewell to second
Batting: RHB Curt Taylor 0-0: Ball
1-0: Fielders Choice at 2nd, 6-4 (Groundball, 6, EV 104.4 MPH)
Wade Tazewell to third
Batting: LHB Harry Cornelis 0-0: Foul Ball, location: 2F
0-1: Swinging Strike
0-2: Ball
1-2: Ball
2-2: Foul Ball, location: 2F
2-2: Strikes out swinging
Top of the 8th over - 1 run, 3 hits, 0 errors, 2 left on base; Northville 5 - Irving 7
BOTTOM OF THE 8TH
Irving Blue Sox batting - Pitching for Northville Eclipse : RHP Maxx Bleecher
Batting: RHB Nelson Morán 0-0: Called Strike
0-1: Called Strike
0-2: Ground out 1-3 (Groundball, 13, EV 73.8 MPH)
Batting: LHB Mitchell Pate 0-0: Ball
1-0: Foul Ball, location: 2F
1-1: Called Strike
1-2: Strikes out swinging
Batting: LHB Phil Beck 0-0: Ball
1-0: Ball
2-0: Ball
3-0: Called Strike
3-1: Swinging Strike
3-2: Ground out 1-3 (Groundball, 13S, EV 67.5 MPH)
Bottom of the 8th over - 0 runs, 0 hits, 0 errors, 0 left on base; Northville 5 - Irving 7
TOP OF THE 9TH
Northville Eclipse batting - Pitching for Irving Blue Sox : RHP José Colón
Pitching: RHP Napoleon Vitagliano
Batting: RHB Ik-jun Cho 0-0: Called Strike
0-1: Ball
1-1: Fly out, F8 (Flyball, 8LD, EV 101.9 MPH)
Batting: RHB Daron Mack 0-0: Fly out, F9 (Flyball, 9S, EV 72.5 MPH)
Batting: RHB Josip Primorac 0-0: Ball
1-0: Ball
2-0: Ball
3-0: Called Strike
3-1: Foul Ball, location: 2F
3-2: Base on Balls
Batting: RHB Chris McBride 0-0: Ball
1-0: Fly out, F8 (Flyball, 89M, EV 86.2 MPH)
Top of the 9th over - 0 runs, 0 hits, 0 errors, 1 left on base; Northville 5 - Irving 7
Friday, April 17th, 2020 - OOTP Baseball 20.8 Build 74